 Dungeon Crawl Stone Soup version 0.32-a0-886-g41c5271 (webtiles) character file.

Game seed: 13926616126876742862

379 Dorkslayer the Trooper (level 6, -4/66 HPs)
             Began as an Oni Fighter on Apr 2, 2024.
             Slain by a bullfrog (7 damage)
             ... on level 4 of the Dungeon.
             The game lasted 00:08:39 (2437 turns).

Dorkslayer the Trooper (Oni Fighter)                Turns: 2437, Time: 00:08:39

Health: -4/66      AC:  3    Str: 23    XL:     6   Next: 74%
Magic:  6/6        EV:  8    Int:  9    God:
Gold:   189        SH: 12    Dex:  8    Spells: 5/5 levels left

rFire   + . .        a - +0 war axe
rCold   . . .        c - +0 kite shield
rNeg    . . .        b - +0 robe
rPois   .            (helmet restricted)
rElec   .            (no cloak)
rCorr   .            (gloves unavailable)
SInv    .            (boots unavailable)
Will    .....        i - amulet of reflection
Stlth   +            n - ring of protection from fire
HPRegen 0.31/turn    (no ring)
MPRegen 0.10/turn

%: reflection
@: lethally poisoned (-4 -> -5)
A: large, unfitting armour, horns 1, tough skin 1, double potion healing,
drunken brawling
a: no special abilities


You were on level 4 of the Dungeon.
You visited 1 branch of the dungeon, and saw 4 of its levels.

You collected 189 gold pieces.

Inventory:

Hand Weapons
 a - a +0 war axe (weapon)
Missiles
 o - 5 boomerangs (quivered)
Armour
 b - a +0 robe (worn)
 c - a +0 kite shield (worn)
Jewellery
 d - a ring of fire
 i - an amulet of reflection (around neck)
 n - a ring of protection from fire (left hand)
Wands
 j - a wand of polymorph (12)
Scrolls
 g - a scroll of poison
Potions
 e - a potion of haste {unknown}
 k - 2 potions of resistance {unknown}
 m - a potion of brilliance {unknown}


   Skills:
 + Level 5.3 Fighting
 + Level 4.3 Axes
 + Level 3.7 Dodging
 + Level 0.5 Stealth
 + Level 3.9 Shields
 + Level 0.2 Unarmed Combat
 * Level 0.9 Evocations


You had 5 spell levels left.
You didn't know any spells.
Your spell library contained the following spells:

 Spells                   Type           Power      Damage    Failure   Level
 Magic Dart               Conj           0%         1d3       65%         1
 Searing Ray              Conj           0%         2d4       80%         2
 Fulminant Prism          Conj/Alch      0%         3d5       100%        4
 Conjure Ball Lightning   Conj/Air       0%         3x3d6     100%        6
 Starburst                Conj/Fire      0%         6d3       100%        6
 Maxwell's Capacitive Co  Air            0%         ∞         100%        8


Dungeon Overview and Level Annotations

Branches:
Dungeon (4/15)
 Temple: D:4-7

Altars:


Innate Abilities, Weirdness & Mutations

You are too large for most types of armour.
You have a pair of small horns on your head.
You have tough skin. (AC +1)
You gain doubled healing and magic from potions.
Whenever you drink a healing potion, you attack all around you.


Message History

The hound bites you. You block the hound's attack. The orc barely misses you.
The white imp gestures at you. The puff of frost hits you.
The hound barely misses you.
You slash the orc!
You kill the orc!
You closely miss the white imp. You slash the hound! You hit the kobold.
You hit the orc but do no damage.
You feel sick. The hound bites you.
A bullfrog comes into view.
The kobold barely misses you. The orc hits you with a +0 club.
* * * LOW HITPOINT WARNING * * *
You block the white imp's attack. The hound completely misses you.
Unknown command.
The bullfrog gives a loud, deep croak!
You slash the orc!
You kill the orc!
You barely miss the white imp. You slash the hound!
You kill the hound!
You completely miss the kobold.
You feel sick.
You hear an angry hiss.
The kobold hits you with a +0 whip.
* * * LOW HITPOINT WARNING * * *
The white imp hits you but does no damage.
You block the white imp's attack. The kobold hits you but does no damage.
You hear a shout!
You closely miss the kobold. Your headbutt misses the kobold.
The kobold is severely wounded.
You barely miss the white imp. You hit the bullfrog.
You feel sick.
You hear a shout!
The bullfrog hits you.
* * * LOW HITPOINT WARNING * * *
The kobold closely misses you. The white imp closely misses you.
The bullfrog hits you.
* * * LOW HITPOINT WARNING * * *
You closely miss the bullfrog. Your headbutt misses the bullfrog.
The bullfrog is lightly wounded.
You hit the white imp.
You kill the white imp!
You barely miss the hobgoblin. You closely miss the kobold.
You feel sick. The bullfrog hits you!
You die...

## .. .# # ?#
#:######.######
...............
......gF....#
#K@).# ######


You could see a bullfrog, a hobgoblin and a kobold.

Vanquished Creatures
  A phantom (D:4)
  A howler monkey (D:4)
  A hound (D:4)
  An orc priest (D:3)
  Jessica (D:3)
  7 gnolls (D:3)
  A white imp (D:4)
  5 dart slugs
  4 ribbon worms (D:2)
  9 orcs
  10 endoplasms
  4 giant cockroaches
  6 goblins
  3 hobgoblins
  8 jackals
  3 quokkas
  5 ball pythons
  3 bats
  4 frilled lizards
  4 kobolds
  5 rats
86 creatures vanquished.

Notes
Turn   | Place    | Note
-------+----------+-------------------------------------------
     0 | D:1      | Dorkslayer the Oni Fighter began the quest for the Orb.
     0 | D:1      | Reached XP level 1. HP: 24/24 MP: 1/1
   121 | D:1      | Reached XP level 2. HP: 28/32 MP: 2/2
   795 | D:2      | Reached XP level 3. HP: 39/40 MP: 3/3
  1012 | D:2      | Got the Notes on the Hurtful Birds
  1321 | D:2      | Reached XP level 4. HP: 40/49 MP: 4/4
  1710 | D:3      | Reached XP level 5. HP: 53/55 MP: 5/5
  2026 | D:3      | Reached skill level 5 in Fighting
  2239 | D:3      | Noticed Jessica
  2260 | D:3      | Killed Jessica
  2261 | D:3      | Reached XP level 6. HP: 55/66 MP: 6/6
  2436 | D:4      | HP: 3/66 [bullfrog (4)]
  2437 | D:4      | Slain by a bullfrog

Illustrated notes

Levels and vault maps discovered:
D:1:      eino_arrival_cavern_d, layout_loops_ring, st_stairs_2
D:2:      layout_loops_ring, mrwooster_statue_mirror
D:3:      layout_basic, uniq_jessica
D:4:      layout_loops_ring, jmf_multi_god_temple, gup_sewer_entry_bubbles,
          minmay_misc_feat_x, dreamdust_mushroom_princess,
          minmay_manual_monolith, uniq_grinder, uniq_eustachio

Skill      XL: |  1  2  3  4  5  6 |
---------------+-------------------+-----
Dodging        | 3 |  3.7
Shields        | 3 |  3.9
Axes           | 3 4 |  4.3
Fighting       | 5 |  5.3
Stealth        | |  0.5
Unarmed Combat | |  0.2
Evocations     | |  0.9

Action                     |  1- 3 |  4- 6 || total
---------------------------+-------+-------++-------
  Melee: War axe           |   101 |   115 ||   216
         Headbutt          |    16 |    18 ||    34
         Unarmed           |       |     5 ||     5
    Use: Scroll            |     6 |     3 ||     9
         Potion            |       |     3 ||     3
   Stab: Held in net/web   |     1 |       ||     1
 Armour: Robe              |    54 |    80 ||   134
         Skin              |       |     2 ||     2
  Dodge: Dodged            |    33 |    46 ||    79
  Block: Kite shield       |    38 |   119 ||   157
         Reflection        |     1 |       ||     1
         Other             |       |     1 ||     1

Table legend: (Time is in decaauts)
 A = Elapsed time spent in this place.
 B = Non-inter-level travel time spent in this place.
 C = Inter-level travel time spent in this place.
 D = Time resting spent in this place.
 E = Time spent auto-exploring this place.
 F = Levels seen in this place.
 G = Mean time per level.
                   A        B        C        D        E       F      G
               +--------+--------+--------+--------+--------+-----+--------+
         Total |   2532 |   2532 |      0 |      0 |   1386 |   4 |  633.0 |
       Dungeon |   2532 |   2532 |      0 |      0 |   1386 |   4 |  633.0 |
               +--------+--------+--------+--------+--------+-----+--------+

Top non-repeatable levels by time:
     D:2: 876 daAuts
     D:1: 803 daAuts
     D:3: 771 daAuts
     D:4: 82 daAuts
